 Dungeon Sprint DCSS version 0.20.1-1-g8b1a95d (webtiles) character file.

4536 JustSomeDude the Basher (level 10, 0/111 HPs)
             Began as a Troll Monk on Aug 27, 2017.
             Was a High Priest of Jiyva.
             Slain by a demonic crawler (2 damage)
             ... in the Dungeon (Sprint I: "Red Sonja").
             The game lasted 00:10:42 (1374 turns).

JustSomeDude the Basher (Troll Monk)                Turns: 1374, Time: 00:10:43

Health: 0/111      AC:  5    Str: 24    XL:     10   Next: 17%
Magic:  3/3        EV: 15    Int:  6    God:    Jiyva [*****.]
Gold:   305        SH:  0    Dex: 12    Spells: 9/9 levels left

rFire    . . .     SeeInvis .   k - +10 morningstar of Stickiness {antimagic, Stlth+}
rCold    . . .     Gourm    +   (no shield)
rNeg     . . .     Faith    .   l - +0 robe
rPois    .         Spirit   .   (helmet restricted)
rElec    .         Reflect  .   (no cloak)
rCorr    +         Harm     .   (gloves unavailable)
MR       .....     NoTele   +   (boots unavailable)
Stlth    +++.......             (no amulet)
Regen    0.7/turn               (no ring)
MPRegen  0.1/turn               (no ring)

@: no status effects
A: unfitting armour, claws 3, fast metabolism 3, gourmand, regeneration 1,
shaggy fur 1, tough skin 2, acidic bite, subdued magic 1
a: Request Jelly, Slimify, Cure Bad Mutation, Renounce Religion


You were in the Dungeon.
You worshipped Jiyva.
Jiyva was extremely pleased with you.
You were full.

You visited 1 branch You collected 1097 gold pieces.
You spent 792 gold pieces at shops.

Inventory:

Hand Weapons
 e - a +9 blowgun
 k - the +10 morningstar of Stickiness (weapon) {antimagic, Stlth+}
   (You bought it in a shop in the Dungeon)

   It reduces the magical energy of the wielder, and disrupts the spells and
   magical abilities of those hit.
   Natural abilities and divine invocations are not affected.
   It makes you more stealthy.
Missiles
 i - 7 curare-tipped needles
 x - 13 stones (quivered)
Armour
 l - a +0 robe (worn)
Jewellery
 j - an uncursed ring of positive energy {unknown}
Scrolls
 h - a scroll of blinking
Potions
 c - 3 potions of curing
 f - 2 potions of magic
Miscellaneous
 n - a sack of spiders
Comestibles
 b - 2 bread rations


   Skills:
 + Level 10.9 Fighting
 + Level 12.7 Maces & Flails
 + Level 10.3 Dodging
 - Level 2.6 Stealth
 - Level 9.3 Unarmed Combat


You had 9 spell levels left.
You didn't know any spells.

Dungeon Overview and Level Annotations

Branches:
Dungeon (1/1)

Altars:
Cheibriados
Dithmenos
Elyvilon
Fedhas
Gozag
Hepliaklqana
Kikubaaqudgha
Makhleb
Nemelex Xobeh
Okawaru
Qazlal
Ru
Sif Muna
Trog
Uskayaw
Vehumet
Xom
Yredelemnul
Zin
The Shining One
Jiyva
Lugonu

Shops:
D }([


Innate Abilities, Weirdness & Mutations

You are too large for most types of armour.
You have claws for hands.
Your metabolism is lightning-fast.
You like to eat raw meat.
Your natural rate of healing is unusually fast.
You are covered in fur. (AC +1)
You have very tough skin. (AC +2)
You have acidic saliva.
Your spells are a little easier to cast, but a little less powerful.


Message History

The demonic crawler completely misses you.
The jelly hits the demonic crawler but does no damage.
The demonic crawler completely misses you.
The demonic crawler hits you.
* * * LOW HITPOINT WARNING * * *
The demonic crawler barely misses you.
The demonic crawler hits the jelly!
The demonic crawler is burned by acid!
The demonic crawler hits the jelly.
The demonic crawler is burned by acid!
The demonic crawler hits the jelly!
The jelly dies!
The demonic crawler gives a hideous shriek!
You hit the demonic crawler.
The demonic crawler is heavily wounded.
The demonic crawler hits you!
* * * LOW HITPOINT WARNING * * *
The demonic crawler hits you!
* * * LOW HITPOINT WARNING * * *
The demonic crawler closely misses you. x2; The demonic crawler hits you!
* * * LOW HITPOINT WARNING * * *
The demonic crawler misses you. The demonic crawler hits you.
You die...

#########################
<.#..'..#..'..#__#..'...#
..'..#..'..#..s..s..#.s.#
..#####'#####'#_s####...s..#
..####..#...#.####§.#####..+
..#__####..##.#§§§.§#..# ##
..#_____##'#..§§s§§.+..#
⌠⌠#_.∩...'..._#ss§§§#..#
###_..__##_.#'##@#####+###
#_____###'#.#§.§.###.+.#
###########.####'###.###.#
∩........'...'.....'.∩##.#
##++++####...###########§#
###.### #†# #.#'#.# +.#
#.....# #§# #.....# #§#


You could see 3 demonic crawlers.

Vanquished Creatures
  2 centaur warriors (D)
  Sonja (D)
  A deep troll (D)
  An oklob plant (D)
  2 kobold demonologists (D)
  A demonic crawler (D)
  A hornet (D)
  A slime creature (D)
  2 redbacks (D)
  Sigmund (D)
  A yak (D)
  A floating eye (D)
  An ogre (D)
  A jelly (D)
  Ijyb (D)
  4 ballistomycetes (D)
22 creatures vanquished.

Vanquished Creatures (others)
  8 jellies (D)
  2 ballistomycete spores (D)
10 creatures vanquished.

Grand Total: 32 creatures vanquished

Notes
Turn   | Place    | Note
-------+----------+-------------------------------------------
     0 | D        | JustSomeDude the Troll Monk began the quest for the Orb.
     0 | D        | Reached XP level 1. HP: 22/22 MP: 0/0
     2 | D        | Noticed Ijyb
    11 | D        | Killed Ijyb
    11 | D        | Reached XP level 2. HP: 31/31 MP: 1/1
    13 | D        | Noticed an ogre
    19 | D        | Killed an ogre
    19 | D        | Reached XP level 3. HP: 32/40 MP: 2/2
    19 | D        | Reached XP level 4. HP: 39/49 MP: 3/3
    45 | D        | Noticed Sigmund
    51 | D        | Killed Sigmund
    51 | D        | Reached skill level 5 in Fighting
    51 | D        | Reached XP level 5. HP: 56/59 MP: 4/4
    66 | D        | Found a deep blue altar of Sif Muna.
    68 | D        | Found a radiant altar of Vehumet.
    73 | D        | Reached XP level 6. HP: 53/67 MP: 5/5
   100 | D        | Found Detapoob's Antique Weapon Emporium.
   100 | D        | Found an ancient bone altar of Kikubaaqudgha.
   100 | D        | Found a hazy altar of Hepliaklqana.
   100 | D        | Found a stormy altar of Qazlal.
   100 | D        | Found a hide-covered altar of Uskayaw.
   100 | D        | Found a blossoming altar of Fedhas.
   100 | D        | Found a bloodstained altar of Trog.
   100 | D        | Found an iron altar of Okawaru.
   100 | D        | Found a basalt altar of Yredelemnul.
   100 | D        | Found a glowing golden altar of the Shining One.
   100 | D        | Found a snail-covered altar of Cheibriados.
   100 | D        | Found a sacrificial altar of Ru.
   100 | D        | Found a glowing silver altar of Zin.
   100 | D        | Found a shadowy altar of Dithmenos.
   100 | D        | Found a white marble altar of Elyvilon.
   100 | D        | Noticed a yak
   105 | D        | Killed a yak
   106 | D        | Found an opulent altar of Gozag.
   109 | D        | Found a sparkling altar of Nemelex Xobeh.
   113 | D        | Bought a translucent morningstar for 162 gold pieces
   113 | D        | Identified the +10 morningstar of Stickiness {antimagic, Stlth+} (You bought it in a shop in the Dungeon)
   125 | D        | Found a burning altar of Makhleb.
   125 | D        | Found a viscous altar of Jiyva.
   125 | D        | Found a shimmering altar of Xom.
   125 | D        | Found a corrupted altar of Lugonu.
   125 | D        | Noticed a slime creature
   130 | D        | Killed a slime creature
   130 | D        | Reached skill level 5 in Maces & Flails
   130 | D        | Reached XP level 7. HP: 59/76 MP: 2/6
   263 | D        | Noticed Sonja
   275 | D        | Killed Sonja
   275 | D        | Reached skill level 6 in Maces & Flails
   275 | D        | Reached XP level 8. HP: 73/89 MP: 2/7
   373 | D        | Noticed a deep troll
   382 | D        | Killed a deep troll
   382 | D        | Reached skill level 8 in Maces & Flails
   520 | D        | Found Nuuptunk's Armour Emporium.
   525 | D        | Bought a +0 robe for 9 gold pieces
   564 | D        | Found Virphopn's Gadget Boutique.
   626 | D        | Bought a sack of spiders for 240 gold pieces
   626 | D        | Bought a box of beasts for 240 gold pieces
   651 | D        | Noticed a kobold demonologist
   652 | D        | Noticed a kobold demonologist
   658 | D        | Killed a kobold demonologist
   658 | D        | Reached XP level 9. HP: 100/100 MP: 2/8
   661 | D        | Killed a kobold demonologist
   661 | D        | Reached skill level 9 in Maces & Flails
   784 | D        | Gained mutation: Your spells are a little easier to cast, but a little less powerful. [potion of mutation]
   784 | D        | Gained mutation: You tend to lose your temper in combat. [potion of mutation]
   784 | D        | Gained mutation: You have a pair of small horns on your head. [potion of mutation]
   787 | D        | Noticed a centaur warrior
   787 | D        | Noticed a centaur warrior
   792 | D        | Killed a centaur warrior
   792 | D        | Reached skill level 10 in Fighting
   792 | D        | Reached skill level 10 in Maces & Flails
   796 | D        | Killed a centaur warrior
   796 | D        | Reached skill level 11 in Maces & Flails
   796 | D        | Reached skill level 10 in Dodging
   899 | D        | Noticed an oklob plant
   905 | D        | Killed an oklob plant
   905 | D        | Reached skill level 12 in Maces & Flails
   905 | D        | Reached XP level 10. HP: 111/111 MP: 3/9
  1174 | D        | Bought a +0 leather armour for 28 gold pieces
  1174 | D        | Bought a +0 leather armour for 28 gold pieces
  1174 | D        | Bought a +0 leather armour for 28 gold pieces
  1174 | D        | Bought a cursed +0 leather armour for 1 gold piece
  1174 | D        | Bought a +0 leather armour for 28 gold pieces
  1174 | D        | Bought a +0 leather armour for 28 gold pieces
  1300 | D        | Became a worshipper of Jiyva Jiofeqeo the Shapeless
  1300 | D        | Reached * piety under Jiyva
  1300 | D        | Reached ** piety under Jiyva
  1305 | D        | Reached *** piety under Jiyva
  1318 | D        | Reached **** piety under Jiyva
  1320 | D        | Lost mutation: You tend to lose your temper in combat. [Jiyva's grace]
  1321 | D        | Reached ***** piety under Jiyva
  1321 | D        | Gained mutation: You have acidic saliva. [Jiyva's grace]
  1332 | D        | Lost mutation: You have a pair of small horns on your head. [Jiyva's grace]
  1374 | D        | HP: 2/111 [demonic crawler (11)]
  1374 | D        | Slain by a demonic crawler

Skill      XL: |  1  2  3  4  5  6  7  8  9 |
---------------+----------------------------+-----
Fighting       | 3 4 5 6 8 9 10 | 10.9
Dodging        | 3 4 6 8 9 10 | 10.3
Unarmed Combat | 4 6 8 9 |  9.3
Stealth        | 2 |  2.6
Maces & Flails | 5 6 8 12 | 12.7

Action                   |  1- 3 |  4- 6 |  7- 9 | 10-12 || total
-------------------------+-------+-------+-------+-------++-------
Melee: Unarmed           |    12 |    13 |       |       ||    25
       Punch             |     1 |       |     2 |     1 ||     4
       Morningstar       |       |     4 |    39 |    10 ||    53
       Headbutt          |       |       |     5 |       ||     5
       Bite              |       |       |       |     1 ||     1
Evoke: Box of beasts     |       |       |       |     1 ||     1
       Sack of spiders   |       |       |       |     1 ||     1
  Use: Potion            |       |       |     4 |     3 ||     7
       Scroll            |       |       |       |     1 ||     1
 Stab: Sleeping          |     2 |       |     3 |       ||     5
  Eat: Chunk             |       |       |    12 |       ||    12
Armor: Robe              |     3 |     1 |     8 |     6 ||    18
Dodge: Dodged            |     4 |     7 |    34 |    21 ||    66
